 Dungeon Crawl Stone Soup version 0.18-a0-603-g332275c (webtiles) character file.

81702 Mindmaker the Unseen (level 15, -18/72 HPs)
             Began as a Spriggan Assassin on Dec 3, 2015.
             Was an Initiate of Gozag.
             Demolished by Norris
             ... wielding a cursed +3 falchion
              (31 damage)
             ... on level 3 of the Spider Nest on Dec 4, 2015.
             The game lasted 02:19:51 (31227 turns).

Mindmaker the Unseen (Spriggan Assassin)           Turns: 31227, Time: 02:19:51

Health: -18/72     AC:  9    Str: 12    XL:     15   Next: 27%
Magic:  26/26      EV: 19    Int: 14    God:    Gozag
Gold:   816        SH:  0    Dex: 25    Spells: 0 memorised, 14 levels left

rFire  + . .     SeeInvis +     b - +10 demon blade of the Sage {venom, rN+ Int+2 Dex+3}
rCold  . . .     Clarity  .     C - +2 robe
rNeg   + + .     SustAt   +     (shield currently unavailable)
rPois  .         Gourm    .     (helmet restricted)
rElec  .         Spirit   .     c - +0 cloak {+Inv}
rCorr  .         Dismiss  .     (gloves unavailable)
rMut   .         Stasis   .     (boots unavailable)
MR     ++...                    (no amulet)
Stlth  ++++......               u - ring "Beilukae" {*Drain +Fly rF+ rN+}
                                i - ring of sustain attributes

@: mighty, contaminated, held, glowing, very quick, very resistant to hostile
enchantments, stealthy
A: unfitting armour, rough black scales 1, see invisible, dopey 1, herbivore 3,
speed 3, frail 1, slow metabolism 2, no device heal 1
a: Potion Petition, Call Merchant, Bribe Branch, Renounce Religion, Evoke
Invisibility, Evoke Flight


You were on level 3 of the Spider Nest.
You worshipped Gozag.
Gozag was noncommittal.
You were hungry.

You visited 5 branches of the dungeon, and saw 23 of its levels.
You also visited: Sewer.

You collected 7221 gold pieces.
You spent 1533 gold pieces at shops.
You paid 4872 gold pieces to Gozag.

Inventory:

Hand Weapons
 b - the +10 demon blade of the Sage (weapon) {venom, rN+ Int+2 Dex+3}
   (You found it on level 2 of the Spider Nest)

   It poisons the flesh of those it strikes.
   It affects your intelligence (+2).
   It affects your dexterity (+3).
   It protects you from negative energy.
 E - a +3 short sword of distortion
Armour
 c - a +0 cloak of invisibility (worn)
 C - a +2 robe (worn)
Jewellery
 i - a ring of sustain attributes (left hand)
 u - the ring "Beilukae" (right hand) {*Drain +Fly rF+ rN+}
   (You took it off an orc priest on level 6 of the Dungeon)

   [ring of protection from fire]

   It protects you from fire.
   It protects you from negative energy.
   It lets you fly.
   It causes draining when unequipped.
Wands
 l - a wand of disintegration (15)
 o - a wand of disintegration (11)
 x - a wand of disintegration (16)
 D - a wand of hasting (6)
 S - a wand of disintegration (11)
Scrolls
 e - 2 scrolls of blinking
 f - a scroll of identify
 j - 8 scrolls of remove curse
 k - 10 scrolls of teleportation
 O - 6 scrolls of magic mapping
Potions
 h - a potion of agility
 m - 2 potions of haste
 n - 5 potions of heal wounds
 p - 3 potions of brilliance
 v - a potion of cancellation
 z - 2 potions of berserk rage
 F - 5 potions of might
 H - 3 potions of curing
 Q - 3 potions of flight
Comestibles
 a - a royal jelly
 g - 10 bread rations


   Skills:
 - Level 10.0 Fighting
 - Level 12.1 Short Blades
 + Level 0.7(6.0) Long Blades
 - Level 2.0 Throwing
 - Level 18.5 Dodging
 - Level 20.2 Stealth
 - Level 14.0 Evocations


You had 14 spell levels left.
You didn't know any spells.

Dungeon Overview and Level Annotations

Branches:
Dungeon (9/15)             Temple (1/1) D:6            Lair (8/8) D:9
  Swamp (0/4) Lair:4       Spider (3/4) Lair:4        Slime (0/6) Lair:8
    Orc (2/4) D:9

Altars:
Ashenzari
Cheibriados
Dithmenos
Elyvilon
Fedhas
Gozag
Kikubaaqudgha
Makhleb
Nemelex Xobeh
Okawaru
Qazlal
Ru
Sif Muna
Trog
Vehumet
Xom
Yredelemnul
Zin
The Shining One
Beogh
Jiyva

Shops:
D:4 [   D:8 ?   D:9 %   Orc:1 (   Orc:2 ?   Lair:4 [   Lair:8 !

Annotations:
Lair:8 Rupert
Spider:3 Norris
Abyss:1 Gastronok


Innate Abilities, Weirdness & Mutations

You are tiny and cannot use many weapons and most armour.
You have supernaturally acute eyesight.
You are a herbivore.
You cover ground extremely quickly.
You need consume almost no food.
You are partially covered in rough black scales (AC +4, Dex -1).
You are dopey. (Int -2)
You are frail (-10% HP).
Potions and wands are less effective at restoring your health.


Message History

You easily resist.
You struggle to detach yourself from the web.
The wolf spider hits you! The wolf spider closely misses you.
You struggle to detach yourself from the web.
The wolf spider misses you. The wolf spider bites you!
Norris hits you with an enchanted falchion!
The wolf spider hits you.
The wolf spider bites you but does no damage.
You struggle to detach yourself from the web.
The wolf spider hits you!!
* * * LOW HITPOINT WARNING * * *
The wolf spider bites you but does no damage.
Norris mumbles some strange prayers to his god against you.
You easily resist.
You struggle to detach yourself from the web.
The wolf spider barely misses you. The wolf spider closely misses you.
The wolf spider barely misses you. x2
Norris hits you with an enchanted falchion!!
You die...
Your body crumbles into a pile of gold.

#### .... .#.^.
.... ...# ....>.
..... ..##......
..^..# .).......#
..#...##.........
.......#.........
.......s....$....
......@@.........
......###<.......
#.?.. #.#.......
##.# #.. .^####.
# #... .## #....
.. ##.%. .. ###.
... ## ...


You could see Norris and a wolf spider.

Vanquished Creatures
  Arachne (Spider:2)
  An acid blob (Lair:8)
  Josephine (Lair:8)
  A fire dragon (Lair:8)
  An ice dragon (Lair:8)
  4 hydras
  2 entropy weavers (Spider:1)
  A queen ant (Lair:7)
  8 death yaks
  2 lindwurms (Lair:8)
  11 wolf spiders
  2 orc knights (Orc:1)
  An orc sorcerer (Orc:2)
  7 orb spiders
  A hornet (Spider:1)
  2 oklob plants
  4 black mambas
  8 elephants
  Maurice (Orc:2)
  3 torpor snails (Lair:8)
  13 spiny frogs
  6 komodo dragons
  3 fire drakes
  6 giant leeches (Lair:8)
  5 demonic crawlers
  12 blink frogs
  14 jumping spiders
  A trapdoor spider zombie (D:9)
  2 boulder beetles
  A slime creature (Lair:8)
  5 trapdoor spiders (Spider:1)
  26 redbacks
  12 tarantellas
  38 yaks
  Sigmund (D:4)
  3 basilisks
  A human (D:7)
  2 wolves (Lair:3)
  4 wraiths (Lair:8)
  5 hippogriffs
  Menkaure (D:5)
  2 steam dragons
  2 mottled dragons (Lair:8)
  6 porcupines
  10 water moccasins
  Duvessa (D:5)
  4 ice beasts
  5 soldier ants (Lair:7)
  12 orc warriors
  4 wasps
  2 swamp drakes (Lair:8)
  2 centaurs (D:5)
  A sky beast (D:6)
  A phantom (D:6)
  8 ogres
  21 crocodiles
  7 big kobolds (Sewer)
  Blork the orc (D:5)
  12 giant frogs
  A gnoll sergeant (D:8)
  Dowan (D:5)
  15 killer bees
  4 scorpions
  A wyvern skeleton (D:8)
  An electric eel (Lair:6)
  3 crimson imps
  A centaur zombie (D:9)
  2 hounds
  A giant frog skeleton (D:5)
  8 orc priests
  13 orc wizards
  5 jellies (Lair:2)
  29 worker ants
  7 iguanas
  5 hell rats (Lair:4)
  2 sheep (D:7)
  A hound zombie (D:4)
  A hound skeleton (D:4)
  A mummy (D:8)
  A worker ant zombie (D:5)
  8 adders
  61 river rats
  15 gnolls
  18 oozes
  2 adder skeletons
  An adder zombie (D:6)
  25 worms
  4 giant geckos
  103 orcs
  10 giant cockroaches
  17 goblins
  6 hobgoblins
  15 jackals
  18 kobolds
  2 quokkas
  2 ball pythons
  9 bats
  3 giant newts
  A jackal skeleton (D:4)
  A quokka skeleton (D:4)
  8 rats
  4 butterflies (D:6)
  2 fungi
  A plant (Lair:8)
763 creatures vanquished.

Vanquished Creatures (others)
  The ghost of Mindmaker the Spear-Bearer, an adept DDFi of Makhleb (Spider:1)
  A death yak (Lair:8)
  A wolf spider (Spider:1)
  3 elephants
  A torpor snail (Lair:8)
  3 spiny frogs
  A komodo dragon (Lair:8)
  4 demonic crawlers
  2 jumping spiders (Spider:1)
  A redback (Spider:2)
  A tarantella (Spider:1)
  11 yaks
  A hungry ghost (D:9)
  2 basilisks
  3 wolves (Lair:3)
  A soldier ant (Lair:7)
  A porcupine (Lair:2)
  A water moccasin (Lair:8)
  A necrophage (D:8)
  2 orc warriors
  A centaur (D:8)
  A wasp (Lair:8)
  2 crocodiles (Lair:8)
  A wyvern skeleton (D:9)
  A killer bee (D:8)
  A scorpion (D:9)
  An orc priest (Orc:2)
  2 iguanas
  6 river rats
  A worm (Lair:8)
  2 orcs
  14 fungi
  42 plants
117 creatures vanquished.

Grand Total: 880 creatures vanquished

Notes
Turn   | Place    | Note
--------------------------------------------------------------
     0 | D:1      | Mindmaker the Spriggan Assassin began the quest for the Orb.
     0 | D:1      | Reached XP level 1. HP: 10/10 MP: 2/2
    33 | D:1      | Reached skill level 6 in Stealth
   227 | D:1      | Reached XP level 2. HP: 14/14 MP: 3/3
   379 | D:1      | You fall through a shaft!
   385 | D:1      | Reached skill level 7 in Stealth
   868 | D:2      | Reached XP level 3. HP: 18/18 MP: 4/4
  1190 | D:2      | Reached XP level 4. HP: 23/23 MP: 5/5
  2424 | D:3      | Reached XP level 5. HP: 22/26 MP: 6/6
  2650 | D:3      | Noticed an ogre
  2695 | D:3      | Killed an ogre
  2695 | D:3      | Reached skill level 5 in Dodging
  2866 | D:3      | Found a glowing drain.
  2995 | Sewer    | Entered a sewer
  3254 | Sewer    | Reached XP level 6. HP: 30/30 MP: 7/7
  3418 | Sewer    | Reached skill level 8 in Dodging
  3525 | Sewer    | Reached XP level 7. HP: 35/35 MP: 8/8
  3676 | Sewer    | Reached skill level 9 in Dodging
  3985 | Sewer    | Reached skill level 10 in Dodging
  4293 | D:3      | Found a faded altar to an unknown god.
  4630 | D:4      | Noticed Sigmund
  4830 | D:4      | Killed Sigmund
  4830 | D:4      | Reached skill level 10 in Stealth
  4830 | D:4      | Reached XP level 8. HP: 27/39 MP: 9/9
  5087 | D:4      | Found Gufucw's Armour Emporium.
  5383 | D:5      | Entered Level 5 of the Dungeon
  5396 | D:5      | Noticed Duvessa
  5400 | D:5      | Noticed Dowan
  5628 | D:5      | Noticed Blork the orc
  5715 | D:5      | Found a white marble altar of Elyvilon.
  5748 | D:5      | Noticed Menkaure
  5820 | D:5      | Killed Duvessa
  5820 | D:5      | Reached skill level 5 in Short Blades
  5849 | D:5      | Killed Dowan
  6521 | D:5      | Killed Blork the orc
  6936 | D:5      | Found a basalt altar of Yredelemnul.
  7356 | D:5      | Killed Menkaure
  7356 | D:5      | Reached XP level 9. HP: 19/46 MP: 10/10
  7661 | D:6      | Found a staircase to the Ecumenical Temple.
  7674 | Temple   | Entered the Ecumenical Temple
  7714 | Temple   | Became a worshipper of Gozag Ym Sagoz the Greedy
  7988 | D:6      | Found a shimmering altar of Xom.
  8093 | D:6      | Reached skill level 5 in Fighting
  8688 | D:6      | Found a glowing silver altar of Zin.
  8804 | D:6      | Reached skill level 11 in Stealth
  8928 | D:6      | Got a pitted brass ring
  9158 | D:7      | Found a stormy altar of Qazlal.
  9497 | D:7      | Found a blossoming altar of Fedhas.
  9594 | D:7      | Reached skill level 12 in Stealth
  9761 | D:7      | Reached skill level 13 in Stealth
  9866 | D:7      | Found a burning altar of Makhleb.
  9866 | D:7      | Noticed a blizzard demon
 10040 | D:8      | Found a snail-covered altar of Cheibriados.
 10256 | D:8      | Reached skill level 14 in Stealth
 10349 | D:8      | Reached XP level 10. HP: 51/51 MP: 11/11
 10493 | D:8      | Found a stormy altar of Qazlal.
 10498 | D:8      | Reached skill level 15 in Stealth
 10697 | D:8      | Found an iron altar of Okawaru.
 10928 | D:8      | Found a sparkling altar of Nemelex Xobeh.
 11029 | D:8      | Found a shattered altar of Ashenzari.
 11174 | D:8      | Reached skill level 16 in Stealth
 11681 | D:9      | Found a staircase to the Lair.
 11682 | D:9      | Found a bloodstained altar of Trog.
 11733 | D:9      | Reached skill level 17 in Stealth
 11863 | D:9      | Found a sacrificial altar of Ru.
 11940 | D:9      | Found Istitaq's Food Emporium.
 12180 | D:9      | Found a staircase to the Orcish Mines.
 12206 | Lair:1   | Entered Level 1 of the Lair of Beasts
 12266 | Lair:1   | Noticed Gastronok
 12286 | Lair:1   | Banished Gastronok
 12353 | Lair:1   | Reached XP level 11. HP: 55/55 MP: 12/12
 12422 | Lair:1   | Reached skill level 10 in Short Blades
 13153 | D:8      | Bought a scroll of acquirement for 624 gold pieces
 13157 | D:8      | Bought a scroll of teleportation for 36 gold pieces
 13393 | Lair:2   | Noticed a five-headed hydra
 13398 | Lair:2   | Killed a five-headed hydra
 15430 | Lair:4   | Reached XP level 12. HP: 22/60 MP: 13/13
 15649 | Lair:4   | Bought a runed robe for 21 gold pieces
 15842 | Lair:4   | Found a hole to the Spider Nest.
 16011 | Lair:4   | Found a staircase to the Swamp.
 16140 | Lair:4   | Reached skill level 15 in Dodging
 16354 | Lair:4   | Bought a runed cloak for 135 gold pieces
 16561 | Lair:5   | Reached skill level 1 in Evocations
 16864 | Lair:5   | Reached skill level 5 in Evocations
 17351 | Lair:4   | Bought an embroidered cloak for 135 gold pieces
 18141 | Lair:6   | Reached skill level 10 in Evocations
 18435 | Lair:7   | Noticed a seven-headed hydra
 18445 | Lair:7   | Killed a seven-headed hydra
 18445 | Lair:7   | Reached XP level 13. HP: 64/64 MP: 19/22
 19841 | Lair:8   | Entered Level 8 of the Lair of Beasts
 19849 | Lair:8   | Noticed Josephine
 20169 | Orc:1    | Entered Level 1 of the Orcish Mines
 21334 | Orc:1    | Bought a runed rapier for 112 gold pieces
 21335 | Orc:1    | Identified the ring "Beilukae" {*Drain +Fly rF+ rN+} (You took it off an orc priest on level 6 of the Dungeon)
 21537 | Orc:2    | Noticed Maurice
 21546 | Orc:2    | Killed Maurice
 21627 | Orc:2    | Found a roughly hewn altar of Beogh.
 21774 | Orc:2    | Bought a scroll of blinking for 82 gold pieces
 21774 | Orc:2    | Bought a scroll of blinking for 82 gold pieces
 22314 | Lair:8   | Found a runed door.
 22317 | Lair:8   | Found a viscous altar of Jiyva.
 22317 | Lair:8   | Noticed an acid blob
 22323 | Lair:8   | Noticed an acid blob
 22325 | Lair:8   | Found a staircase to the Slime Pits.
 22331 | Lair:8   | Killed an acid blob
 22637 | Lair:8   | Killed Josephine
 23384 | Lair:8   | Reached XP level 14. HP: 75/75 MP: 25/25
 23462 | Lair:8   | Noticed Rupert
 23547 | Lair:8   | HP: 2/75 [acid (9)]
 25318 | Lair:7   | Reached skill level 10 in Fighting
 25509 | Lair:8   | Found a runed door.
 26501 | Lair:8   | Bought a potion of curing for 51 gold pieces
 26501 | Lair:8   | Bought a potion of curing for 51 gold pieces
 26501 | Lair:8   | Bought a potion of might for 68 gold pieces
 26501 | Lair:8   | Bought a potion of heal wounds for 85 gold pieces
 26501 | Lair:8   | Bought a potion of curing for 51 gold pieces
 26742 | Spider:1 | Entered Level 1 of the Spider Nest
 26841 | Spider:1 | Gained mutation: You are partially covered in rough black scales (AC +4, Dex -1). [mutagenic glow]
 27486 | Spider:1 | Noticed Mindmaker's ghost (adept DDFi)
 27720 | Spider:1 | Reached skill level 18 in Stealth
 28448 | Spider:1 | Reached skill level 19 in Stealth
 28524 | Spider:1 | Gained mutation: You are frail (-10% HP). [mutagenic glow]
 29340 | Spider:1 | Banished Mindmaker's ghost
 29517 | Spider:1 | Reached skill level 20 in Stealth
 29533 | Spider:1 | Reached XP level 15. HP: 50/72 MP: 26/26
 29692 | Spider:1 | Upgraded the game from 0.18-a0-514-ga7d9996 to 0.18-a0-603-g332275c
 29727 | Spider:2 | Noticed Arachne
 29745 | Spider:2 | Killed Arachne
 30573 | Spider:2 | Got an ancient demon blade
 30574 | Spider:2 | Identified the +10 demon blade of the Sage {venom, rN+ Int+2 Dex+3} (You found it on level 2 of the Spider Nest)
 31153 | Spider:2 | Gained mutation: Potions and wands are less effective at restoring your health. [mutagenic glow]
 31183 | Spider:2 | Gained mutation: You are dopey. (Int -2) [mutagenic glow]
 31218 | Spider:3 | Noticed Norris
 31227 | Spider:3 | Demolished by Norris

Vault maps used:
D:1:      zelgadis_glass_arrival_small, minmay_misc_feat_hallway,
          minmay_misc_feat_iff
D:2:      first_bread, serial_curves, eino_curves_01, eino_curves_03,
          serial_park_tiny_pond, minmay_quantized
D:3:      ecumenical_altar_1, gup_sewer_entry_glass, minmay_ogre_servants
D:4:      serial_shops, shop, minmay_small_thing, uniq_sigmund
D:5:      old_standard_altar, basic_altar, grunt_decor_cap, uniq_blork_the_orc,
          uniq_duvessa, uniq_menkaure
D:6:      corexii_shack_village, zin_treasury, nicolae_overflow_crystal_walls,
          minmay_temple_entry_butterflies
D:7:      makhleb_altar_promises_db, lemuel_doored_altar, kennysheep_mini_moat,
          grunt_livestock
D:8:      old_standard_altar, old_standard_altar, slow_altar_1,
          lemuel_round_altar, nicolae_qazlal_general_emergency
D:9:      bloody_trog, nicolae_ru_the_path_less_chosen, dpeg_oklobed_lair,
          serial_shops, shop
Temple:   temple_island_7
Lair:1:   uniq_gastronok
Lair:2:   lemuel_slime
Lair:3:   boulder_dual_corridor_run
Lair:4:   beast_lair_carwin_large_2, minmay_swamp_entry_worms,
          nicolae_spider_entry_orb_guardian, grunt_megastairs_5
Lair:7:   zaba_antful_of_joy
Lair:8:   wormcave, guppyfry_lair_end_dragon, slime_altar_2, st_stairs_5,
          infiniplex_staircase_pool_2, uniq_josephine, uniq_rupert
Spider:1: nicolae_spider_nook
Spider:2: uniq_arachne
Spider:3: uniq_norris, uniq_jorgrun
Orc:1:    sword_in_stone
Orc:2:    nicolae_orc_accident_2, uniq_maurice
Sewer:    sewer_co_tree

Action                   |  1- 3 |  4- 6 |  7- 9 | 10-12 | 13-15 || total
-------------------------+-------+-------+-------+-------+-------++-------
Melee: Dagger            |    67 |   186 |   307 |     4 |       ||   564
       Rapier            |       |       |     6 |       |       ||     6
       Short sword       |       |       |       |   677 |  1346 ||  2023
       Demon blade       |       |       |       |       |     2 ||     2
 Fire: Blowgun           |       |    23 |   134 |     5 |       ||   162
Invok: Call Merchant     |       |       |       |     2 |     3 ||     5
       Potion Petition   |       |       |       |       |     2 ||     2
 Abil: Evoke Invisibilit |       |       |       |     3 |    33 ||    36
       Turn Visible      |       |       |       |       |    17 ||    17
  Use: Scroll            |       |     5 |     3 |     8 |     9 ||    25
       Potion            |       |     1 |     5 |       |    12 ||    18
 Stab: Sleeping          |    30 |     7 |    45 |    94 |    74 ||   250
       Distracted        |       |     2 |    10 |    16 |    22 ||    50
       Invisible         |       |       |       |     4 |   143 ||   147
  Eat: Bread ration      |       |       |     1 |       |     1 ||     2
       Fruit             |       |       |       |     9 |     5 ||    14
       Pizza             |       |       |       |       |    12 ||    12
